 Dungeon Crawl Stone Soup version 0.31-a0-516-gfcb59812bd (webtiles) character file.

Game seed: 13661793861669244259

1779 GordonOverkill the Carver (level 9, -7/64 HPs)
             Began as a Vine Stalker Delver on Aug 10, 2023.
             Was a Follower of Trog.
             Killed from afar by an acid blob (16 damage)
             ... with a splash of acid
             ... created by the all-consuming vengeance of Jiyva
             ... on level 6 of the Dungeon.
             The game lasted 00:10:04 (4958 turns).

GordonOverkill the Carver (Vine Stalker Delver)     Turns: 4958, Time: 00:10:05

Health: -7/64      AC: 14    Str: 26      XL:     9   Next: 8%
Magic:  0/10       EV:  9    Int:  8 (10) God:    Trog [*.....]
Gold:   290        SH:  0    Dex: 15      Spells: 9/9 levels left

rFire   + . .        h - +0 great sword
rCold   . . .        (shield currently unavailable)
rNeg    . . .        e - +0 chain mail
rPois   .            w - +0 helmet
rElec   .            r - scarf {repulsion}
rCorr   .            j - +0 pair of gloves
SInv    .            (no boots)
Will    +....        (no amulet) Stlth
                     m - +4 ring of protection
HPRegen 1.10/turn    n - +6 ring of strength
MPRegen 0.12/turn

%: repel missiles, guardian spirit
@: berserking, corroded, very quick
A: fangs 3, regeneration 1, magic shield, antimagic bite, no potion heal 2,
hooves 1, iridescent scales 2, deterioration 1, fire resistance 1, screaming 1,
evolution 1
a: Renounce Religion, Berserk


You were on level 6 of the Dungeon.
You worshipped Trog.
Trog was aware of your devotion.
You visited 1 branch of the dungeon, and saw 6 of its levels.

You collected 290 gold pieces.

Inventory:

Hand Weapons
 a - a +0 short sword
 h - a +0 great sword (weapon)
Missiles
 t - a curare-tipped dart (quivered)
 v - 3 poisoned darts
Armour
 e - a +0 chain mail (worn)
 j - a +0 pair of gloves (worn)
 r - a scarf of repulsion (worn)
 w - a +0 helmet (worn)
Jewellery
 m - a +4 ring of protection (left hand)
 n - a +6 ring of strength (right hand)
 A - a +6 ring of strength
Wands
 g - a wand of digging (10)
Scrolls
 b - a scroll of enchant weapon {unknown}
 c - 3 scrolls of fog
 d - 2 scrolls of revelation
 i - 2 scrolls of identify {unknown}
 k - 3 scrolls of amnesia {unknown}
 l - 2 scrolls of immolation {unknown}
 p - a scroll of brand weapon {unknown}
 x - a scroll of noise {unknown}
 y - a scroll of butterflies {unknown}
 z - a scroll of blinking {unknown}
 B - a scroll of torment {unknown}
Potions
 f - 2 potions of haste
 o - 2 potions of enlightenment {unknown}
 q - a potion of resistance {unknown}
 s - 3 potions of curing {unknown}
 u - 2 potions of heal wounds {unknown}
 C - a potion of degeneration {unknown}


   Skills:
 + Level 2.8 Fighting
 - Level 1.7(6.6) Short Blades
 + Level 10.1 Long Blades
 - Level 2.0 Throwing
 - Level 1.5 Dodging
 - Level 6.0 Stealth
 + Level 0.5 Spellcasting


You had 9 spell levels left.
You didn't know any spells.
Your spell library was empty.

Dungeon Overview and Level Annotations

Branches:
Dungeon (6/15)
 Temple: D:4-7

Altars:
Ashenzari
Elyvilon
Qazlal
Trog
Wu Jian
Yredelemnul
The Shining One
Jiyva

Shops:
D:6 =


Innate Abilities, Weirdness & Mutations

You have razor-sharp teeth.
Your natural rate of healing is unusually fast.
When hurt, damage is shared between your health and your magic reserves.
Your bite disrupts and absorbs the magic of your enemies.
Potions cannot restore your health.
You have large cloven feet.
You are mostly covered in iridescent scales. (AC +4)
Your body sometimes deteriorates upon taking damage.
Your flesh is heat resistant. (rF+)
You occasionally shout uncontrollably at your foes.
You have hidden genetic potential.


Message History

Trog accepts your kill.
Trog does not appreciate your training of magic skills!
You feel guilty.
You are too injured to fight recklessly!
You start resting.
HP restored.
Key pressed, stopping explore.
No target in view!
Some slimes ooze up out of the ground!
You yell at the acid blob! 2 acid blobs and a glowing orange brain come into view.
There are monsters nearby!
There are monsters nearby!
Unknown command.
A red film seems to cover your vision as you go berserk!
You feel yourself moving faster!
You feel mighty!
You slash the glowing orange brain! You kick the glowing orange brain!
The glowing orange brain is heavily wounded.
You slice the glowing orange brain!! You bite the glowing orange brain.
The glowing orange brain's magic leaks into the air.
You drain its magic.
You feel invigorated.
The glowing orange brain is almost dead.
The acid blob spits acid at you. The splash of acid hits you!
The glowing orange brain pulsates.
Something tries to feed on your intellect!
You slash the glowing orange brain!
You kill the glowing orange brain!
That felt strangely unrewarding.
The acid blob spits acid at you. The splash of acid hits you!
* * * LOW HITPOINT WARNING * * *
Your body deteriorates!
You feel dopey. The acid corrodes you! The acid blob hits you!!
* * * LOW HITPOINT WARNING * * *
You are splashed with acid!
* * * LOW HITPOINT WARNING * * *
The acid blob spits acid at you. The splash of acid hits you!
You die...

########### ##..........#
.'..........# .#..........#
#######'#.....W....###
#.........########...#
#.........#...#.....## +....+
#......J..#...#.....# #....#
.#....@J...'.........# #....#
...#...................# ##....
...#.........#...♣.....#
#....##....##'##.........♣....##
#....'..... #..'...........♣...#
+....#......'..#...............#
#..<.#'#######+#...............#
#....†.........................#
#...............#####+#....#..<#


You could see 2 acid blobs.

Vanquished Creatures
  A glowing orange brain (D:6)
  A moth of wrath (D:4)
  A sky beast (D:5)
  An ice beast (D:6)
  A black bear (D:5)
  A centaur (D:6)
  3 phantoms
  2 bullfrogs (D:6)
  A kobold brigand (D:3)
  2 scorpions
  5 jellies (D:4)
  5 hounds
  An orc priest (D:3)
  5 orc wizards
  4 iguanas
  An adder (D:6)
  3 ufetubi
  A worm (D:3)
  6 dart slugs
  12 orcs
  3 bats
  2 endoplasms
  5 giant cockroaches
  7 hobgoblins
  4 jackals (D:4)
  3 quokkas (D:1)
  6 ball pythons
  2 frilled lizards (D:1)
  9 goblins
  3 kobolds
  5 rats
106 creatures vanquished.

Vanquished Creatures (others)
  3 gnolls (D:2)
  An adder (D:3)
  A worm (D:4)
  An endoplasm (D:3)
  A ball python (D:4)
  A kobold (D:2)
  4 rats (D:4)
12 creatures vanquished.

Grand Total: 118 creatures vanquished

Notes
Turn   | Place    | Note
-------+----------+-------------------------------------------
     0 | D:5      | GordonOverkill the Vine Stalker Delver began the quest for
                  | the Orb.
     0 | D:5      | Reached XP level 1. HP: 11/11 MP: 2/2
    17 | D:6      | Noticed a hound
    22 | D:6      | Found a basalt altar of Yredelemnul.
    34 | D:6      | Noticed a bullfrog
    43 | D:6      | Noticed an iguana
    52 | D:6      | Noticed a phantom
    98 | D:5      | Reached skill level 1 in Long Blades
   178 | D:5      | Noticed a black bear
   199 | D:4      | Reached XP level 2. HP: 9/16 MP: 1/3
   255 | D:3      | Reached skill level 2 in Long Blades
   255 | D:3      | Reached XP level 3. HP: 16/19 MP: 2/4
   264 | D:3      | Found a stormy altar of Qazlal.
   590 | D:1      | Reached skill level 3 in Long Blades
   760 | D:1      | Gained mutation: Your natural rate of healing is unusually
                  | fast. [Vine Stalker growth]
   760 | D:1      | Reached XP level 4. HP: 22/23 MP: 5/5
  1052 | D:1      | Found a faded altar of an unknown god.
  1292 | D:1      | Prayed at the altar of an unknown god.
  1292 | D:1      | Became a worshipper of Jiyva Juyfitul the Shapeless
  1292 | D:1      | Reached * piety under Jiyva
  1734 | D:2      | Reached ** piety under Jiyva
  2120 | D:3      | Reached skill level 4 in Long Blades
  2122 | D:3      | Reached XP level 5. HP: 27/27 MP: 6/6
  2182 | D:3      | Found a broken altar of Ashenzari.
  2553 | D:3      | Found a glowing golden altar of the Shining One.
  2597 | D:3      | Noticed a kobold brigand
  2607 | D:3      | Killed a kobold brigand
  3123 | D:4      | Found a white marble altar of Elyvilon.
  3149 | D:4      | Reached *** piety under Jiyva
  3192 | D:4      | Gained mutation: You have hidden genetic potential.
                  | [Jiyva's grace]
  3192 | D:4      | Gained mutation: You have great hidden genetic potential.
                  | [Jiyva's grace]
  3192 | D:4      | Gained mutation: You are partially covered in iridescent
                  | scales. (AC +2) [Jiyva's grace]
  3192 | D:4      | Gained mutation: You are mostly covered in iridescent
                  | scales. (AC +4) [Jiyva's grace]
  3274 | D:4      | Reached skill level 5 in Long Blades
  3274 | D:4      | Reached skill level 1 in Throwing
  3274 | D:4      | Reached XP level 6. HP: 32/32 MP: 7/7
  3390 | D:4      | Noticed a moth of wrath
  3401 | D:4      | Killed a moth of wrath
  3402 | D:4      | Reached skill level 6 in Long Blades
  3402 | D:4      | Reached XP level 7. HP: 30/35 MP: 6/8
  3413 | D:4      | Found a bloodstained altar of Trog.
  3415 | D:4      | Gained mutation: Your flesh is heat resistant. (rF+)
                  | [hidden potential]
  3422 | D:4      | Fell from the grace of Jiyva
  3422 | D:4      | Became a worshipper of Trog the Wrathful
  3905 | D:5      | Found an ornate altar of the Wu Jian Council.
  3957 | D:5      | Reached skill level 7 in Long Blades
  4064 | D:5      | Gained mutation: You have razor-sharp teeth. [Vine Stalker
                  | growth]
  4064 | D:5      | Reached XP level 8. HP: 39/39 MP: 9/9
  4108 | D:5      | Gained mutation: Your body sometimes deteriorates upon
                  | taking damage. [mutagenic glow]
  4120 | D:5      | Gained mutation: You occasionally shout uncontrollably at
                  | your foes. [mutagenic glow]
  4239 | D:5      | Reached skill level 8 in Long Blades
  4241 | D:5      | Gained mutation: You have large cloven feet. [hidden
                  | potential]
  4241 | D:5      | Lost mutation: You have great hidden genetic potential.
                  | [hidden potential expressed]
  4447 | D:5      | Reached * piety under Trog
  4481 | D:6      | Reached skill level 9 in Long Blades
  4787 | D:6      | Found Qenokos's One-of-a-Kind Rings.
  4897 | D:6      | Reached skill level 10 in Long Blades
  4897 | D:6      | Reached XP level 9. HP: 43/43 MP: 10/10
  4954 | D:6      | Noticed an acid blob
  4954 | D:6      | Noticed an acid blob
  4954 | D:6      | Noticed a glowing orange brain
  4957 | D:6      | Killed a glowing orange brain
  4958 | D:6      | Killed from afar by an acid blob

Illustrated notes

Levels and vault maps discovered:
D:1:      eino_arrival_tree_alley, layout_loops_ring,
          chequers_ecumenical_altar_grove
D:2:      layout_loops_cross
D:3:      layout_loops_corners, mainiacjoe_overflow_small_starburst,
          lemuel_coloured_pillars_altar, nicolae_tso_carved_into_rock,
          grunt_decor_one_mirror, st_stairs_13, chequers_serial_rivers_micro_b
D:4:      layout_cave_pods, mainiacjoe_overflow_tiny_flanked, tgw_trog
D:5:      minmay_spotlight, layout_basic, nzn_wu_jian_contemplation
D:6:      layout_gridville, mainiacjoe_overflow_alcove_4,
          kennysheep_flooded_box, chequers_garden, nicolae_shop_unique_rings,
          hangedman_decor_points, small_statue_intersection

Skill      XL: |  1  2  3  4  5  6  7  8 |
---------------+-------------------------+-----
Long Blades    | 1 2 3 4 5 6 7 10 | 10.1
Throwing       | 1 2 |  2.0
Fighting       | |  2.8
Short Blades   | |  1.7
Dodging        | |  1.5
Stealth        | |  6.0
Spellcasting   | |  0.5

Action                     |  1- 3 |  4- 6 |  7- 9 || total
---------------------------+-------+-------+-------++-------
  Melee: Great sword       |    55 |   114 |   140 ||   309
         Bite              |    13 |    28 |    38 ||    79
         Kick              |       |       |    11 ||    11
  Throw: Dart              |       |       |     1 ||     1
 Invoke: Berserk           |       |       |     2 ||     2
  Evoke: Wand              |       |     1 |       ||     1
    Use: Scroll            |     1 |       |       ||     1
 Armour: Leather armour    |     4 |       |       ||     4
         Chain mail        |    44 |    98 |   123 ||   265
  Dodge: Dodged            |    40 |    68 |    74 ||   182

Table legend: (Time is in decaauts)
 A = Elapsed time spent in this place.
 B = Non-inter-level travel time spent in this place.
 C = Inter-level travel time spent in this place.
 D = Time resting spent in this place.
 E = Time spent auto-exploring this place.
 F = Levels seen in this place.
 G = Mean time per level.
                   A        B        C        D        E       F      G
               +--------+--------+--------+--------+--------+-----+--------+
         Total |   5110 |   4787 |    323 |    411 |   2920 |   6 |  851.7 |
       Dungeon |   5110 |   4787 |    323 |    411 |   2920 |   6 |  851.7 |
               +--------+--------+--------+--------+--------+-----+--------+

Top non-repeatable levels by time:
     D:4: 987 daAuts
     D:3: 967 daAuts
     D:1: 957 daAuts
     D:2: 884 daAuts
     D:5: 735 daAuts
     D:6: 577 daAuts
